 Dungeon Crawl Stone Soup version 0.19.1-1-g22dce08 (webtiles) character file.

141763 unrecovered the Black Belt (level 16, -8/149 HPs)
             Began as a White Draconian Monk on Dec 31, 2016.
             Was a Priest of Elyvilon.
             Killed from afar by a merfolk aquamancer (22 damage)
             ... with a great wave of water
             ... on level 4 of the Shoals on Jan 1, 2017.
             The game lasted 03:24:14 (47986 turns).

unrecovered the Black Belt (White Draconian Monk)  Turns: 47986, Time: 03:24:14

Health: -8/149     AC: 20    Str: 14    XL:     16   Next: 78%
Magic:  25/25      EV: 31    Int: 12    God:    Elyvilon [***...]
Gold:   1029       SH:  0    Dex: 27    Spells: 3 memorised, 8 levels left

rFire  . . .     SeeInvis .       - Unarmed
rCold  + . .     Gourm    .     (armour unavailable)
rNeg   . . .     Faith    +     (no shield)
rPois  +         Spirit   .     o - +2 hat {MR+}
rElec  +         Reflect  .     d - +2 cloak of the Ancient Demons {*Corrode +Fly Dex+5 Stlth+}
rCorr  .         Harm     .     D - +2 pair of gloves {Dex+3}
MR     ++...                    l - +2 pair of boots
Stlth  +++.......               W - amulet of faith
                                Y - +5 ring of evasion (curse)
                                R - ring "Inlox" {+Blink rElec rPois Stlth+}

@: very slightly contaminated, drained
A: breathe frost, unfitting armour, cold resistance 1, cold-blooded, AC +9
a: Breathe Frost, Lesser Healing, Heal Other, Purification, Divine Protection,
Renounce Religion, Evoke Blink, Evoke Flight


You were on level 4 of the Shoals.
You worshipped Elyvilon.
Elyvilon was most pleased with you.
You were not hungry.

You visited 6 branches of the dungeon, and saw 28 of its levels.
You also visited: Volcano.

You collected 2435 gold pieces.
You spent 1406 gold pieces at shops.

Inventory:

Hand Weapons
 i - a +4 hand crossbow of flaming
 U - a +1 arbalest of flaming
Missiles
 a - a throwing net (quivered)
 X - 125 bolts
Armour
 c - a +0 shield
 d - the +2 cloak of the Ancient Demons (worn) {*Corrode +Fly Dex+5 Stlth+}
   (You found it on level 4 of the Lair of Beasts)

   It affects your dexterity (+5).
   It lets you fly.
   It may corrode you when you take damage.
   It makes you more stealthy.
 g - a +0 hat of see invisible
 l - a +2 pair of boots (worn)
 o - a +2 hat of magic resistance (worn)
 D - a +2 pair of gloves of dexterity (worn)
Jewellery
 q - an uncursed ring of fire
 r - an uncursed ring of positive energy
 R - the ring "Inlox" (left hand) {+Blink rElec rPois Stlth+}
   (You bought it in a shop on level 10 of the Dungeon)

   [ring of poison resistance]

   It insulates you from electricity.
   It protects you from poison.
   It lets you blink.
   It makes you more stealthy.
 W - an amulet of faith (around neck)
 Y - a cursed +5 ring of evasion (right hand)
Wands
 I - a wand of iceblast (8/15)
 J - a wand of lightning (6/15)
 K - a wand of confusion (19/48)
 M - a wand of flame (13/48)
 N - a wand of acid (3/15)
 T - a wand of hasting (0/9)
 Z - a wand of digging (6/24)
Scrolls
 b - a scroll of fear
 e - 4 scrolls of immolation
 h - a scroll of holy word {unknown}
 k - 5 scrolls of magic mapping
 p - 11 scrolls of remove curse
 u - a scroll of fog
 S - a scroll of acquirement {unknown}
 V - a scroll of amnesia
Potions
 m - 4 potions of brilliance
 n - 5 potions of magic
 t - a potion of haste
 v - 2 potions of resistance
 z - a potion of cure mutation
 G - 5 potions of flight
 P - a potion of might
 Q - 3 potions of curing
Books
 s - a book of Maledictions

   Spells                             Type                      Level
   a - Corona                         Hexes                        1
   b - Ensorcelled Hibernation        Hexes/Ice                    2
   c - Confuse                        Hexes                        3
   d - Tukima's Dance                 Hexes                        3
   e - Dazzling Spray                 Conjuration/Hexes            3
 B - a book of Party Tricks

   Spells                             Type                      Level
   a - Summon Butterflies             Summoning                    1
   b - Apportation                    Translocation                1
   c - Lesser Beckoning               Translocation                3
   d - Tukima's Dance                 Hexes                        3
   e - Alistair's Intoxication        Transmutation/Poison         5
   f - Invisibility                   Hexes                        6
 C - a book of Power

   Spells                             Type                      Level
   a - Fulminant Prism                Conjuration/Hexes            4
   b - Iskenderun's Mystic Blast      Conjuration                  4
   c - Venom Bolt                     Conjuration/Poison           5
   d - Bolt of Magma                  Conjuration/Fire/Earth       5
   e - Iron Shot                      Conjuration/Earth            6
   f - Orb of Destruction             Conjuration                  7
   g - Spellforged Servitor           Conjuration/Summoning        7
Comestibles
 f - 13 meat rations
 j - 7 bread rations
 w - 2 chunks of flesh
 H - 14 fruits


   Skills:
 + Level 15.3(15.1) Fighting
 + Level 11.6(11.5) Crossbows
 + Level 12.6(12.4) Dodging
 - Level 1.7(1.6) Stealth
 + Level 16.2(16.0) Unarmed Combat
 - Level 3.8(3.7) Transmutations
 - Level 12.5(12.3) Invocations


You had 8 spell levels left.
You knew the following spells:

 Your Spells              Type           Power        Failure   Level  Hunger
a - Apportation           Tloc           #.........   34%         1    ##.....
b - Summon Butterflies    Summ           #.......     34%         1    ##.....
c - Alistair's Intoxicat  Tmut/Pois      #.......     100%        5    ######.


Dungeon Overview and Level Annotations

Branches:
Dungeon (14/15)            Temple (1/1) D:4            Lair (6/6) D:10
 Shoals (4/4) Lair:4       Spider (1/4) Lair:4        Slime (0/5) Lair:5
    Orc (2/2) D:9             Elf (0/3) Orc:2
 Vaults: D:13-14

Altars:
Ashenzari
Cheibriados
Dithmenos
Elyvilon
Fedhas
Gozag
Hepliaklqana
Kikubaaqudgha
Makhleb
Nemelex Xobeh
Okawaru
Qazlal
Ru
Sif Muna
Trog
Uskayaw
Vehumet
Xom
Yredelemnul
Zin
The Shining One
Beogh

Shops:
D:7 [   D:10 =   Orc:2 =(=!=

Portals:
Trove: D:10 (give shield of Resistance)

Annotations:
Shoals:4 exclusion: Roxanne, Kirke; Roxanne; timidly's ghost, adept HuBe


Innate Abilities, Weirdness & Mutations

You can breathe waves of freezing cold.
You can buffet flying creatures when you breathe cold.
Your icy white scales are hard. (AC +9)
You cannot fit into any form of body armour.
Your flesh is cold resistant. (rC+)
You are cold-blooded and may be slowed by cold attacks.


Message History

The alligator snapping turtle is moderately wounded.
The alligator snapping turtle bites you!!
* * * LOW HITPOINT WARNING * * *
You hit the alligator snapping turtle but do no damage.
The alligator snapping turtle is moderately wounded.
The alligator snapping turtle completely misses you.
As you read the scroll of teleportation, it crumbles to dust.
You feel strangely unstable.
The alligator snapping turtle bites you from afar!!
* * * LOW HITPOINT WARNING * * *
Splash!
You fall into the shallow water.
Moving in this stuff is going to be slow.
Your surroundings suddenly seem different.
Splash!
You start resting.
The merfolk aquamancer shouts!
The merfolk aquamancer points at you and mumbles some strange words.
The great wave of water hits you!
You die...

# #. ≈≈≈≈ .....$. .≈. .
≈≈≈≈≈ ..≈≈≈≈≈## .#. ..
≈≈≈≈≈≈≈ .≈≈≈≈≈≈≈# ≈( .≈
≈≈≈≈≈≈≈ ≈≈≈≈≈≈≈≈##≈#.#.#
≈≈≈≈≈≈≈ ≈.....≈# ≈≈≈≈.
##≈≈≈≈≈≈≈ ≈......##≈≈#
##≈≈≈≈≈≈≈≈ ≈.......≈# ###
#≈≈≈≈≈≈m≈≈
........≈###≈###@≈≈≈≈≈≈≈≈
.........≈≈≈≈≈≈≈≈≈≈≈≈≈≈≈≈
...W.....≈≈≈≈≈≈≈≈≈≈≈≈≈≈≈≈
.........≈≈≈≈≈≈≈≈≈≈≈≈≈≈≈≈
.........≈≈≈≈≈≈≈≈≈≈≈≈≈≈≈≈
≈........≈≈≈≈≈≈≈≈≈≈≈≈≈≈≈≈
≈........≈≈≈≈≈≈≈≈≈≈≈≈≈≈≈≈
≈....≈...≈≈≈≈≈≈≈≈≈≈≈≈≈≈≈≈
≈..≈≈≈≈...)≈≈.....≈≈≈≈≈≈≈


You could see a merfolk aquamancer.

Vanquished Creatures
  Gastronok (D:12)
  Polyphemus (Shoals:2)
  Ilsuiw (Shoals:4)
  2 orc warlords (D:9)
  A stone giant (Orc:2)
  5 dire elephants (Lair:6)
  Snorg (D:12)
  6 merfolk impalers
  An ogre mage (Volcano)
  A vault guard (D:10)
  A death knight (D:14)
  6 hydras
  2 merfolk aquamancers
  A centaur warrior (D:13)
  5 merfolk avatars
  A satyr (Shoals:2)
  A catoblepas (Shoals:2)
  4 death yaks
  An anaconda (Lair:6)
  A tengu warrior (D:13)
  6 orc high priests
  Urug (Lair:3)
  8 sea snakes
  3 unseen horrors
  7 hill giants
  16 harpies
  A wolf spider (Lair:4)
  A wolf spider zombie (D:13)
  A phantasmal warrior (D:14)
  8 orc knights
  A deep elf mage (D:12)
  2 ugly things
  4 cyclopes
  9 fauns
  20 elephants
  5 orc sorcerers
  6 manticores
  10 sirens
  4 black mambas
  10 spiny frogs
  2 water nymphs (Shoals:3)
  The ghost of cheese the Slasher, a novice DgNe (D:5)
  2 torpor snails
  9 rime drakes
  6 komodo dragons
  An efreet (D:13)
  A freezing wraith (D:14)
  A queen bee (Lair:2)
  6 trolls
  A tengu conjurer (D:13)
  A jumping spider (Spider:1)
  A demonic crawler (Spider:1)
  2 polar bears (Lair:6)
  3 two-headed ogres (Volcano)
  20 merfolk
  6 wind drakes
  28 blink frogs
  4 slime creatures
  16 hippogriffs
  17 dream sheep
  2 snapping turtles (Shoals:2)
  A shadow (D:13)
  A wraith (D:13)
  6 wyverns
  2 redbacks
  3 water elementals
  56 yaks
  Grum (D:11)
  A hog (Shoals:4)
  7 basilisks
  A steam dragon (D:9)
  The ghost of Fallorn the Poker, an amateur DsCK of Xom (D:4)
  6 wargs
  6 vampire mosquitoes
  12 water moccasins
  5 porcupines
  47 orc warriors
  A sky beast (D:10)
  A phantom (D:11)
  5 ice beasts
  10 wolves
  13 ogres
  11 centaurs
  11 crocodiles
  10 big kobolds
  Blork the orc (D:4)
  15 bullfrogs
  A wyvern skeleton (D:13)
  5 scorpions
  48 killer bees
  9 wights
  3 electric eels (D:6)
  4 crimson imps
  2 quasits
  31 orc priests
  7 jellies
  5 hounds
  2 bullfrog skeletons
  A gnoll shaman (D:4)
  4 iguanas
  16 orc wizards
  7 worker ants
  2 hound skeletons
  A worker ant zombie (D:9)
  8 gnolls (D:6)
  14 adders
  A howler monkey skeleton (D:9)
  3 river rats (D:10)
  A shadow imp (D:9)
  An ooze (D:3)
  2 adder zombies
  An adder skeleton (D:5)
  2 worms
  2 dart slugs
  5 leopard geckos
  115 orcs
  A bat skeleton (D:2)
  A bat zombie (D:2)
  4 giant cockroaches
  28 goblins
  30 hobgoblins
  14 jackals
  6 quokkas
  4 ball pythons
  15 bats
  5 frilled lizards
  A giant cockroach zombie (D:2)
  37 kobolds
  2 leopard gecko skeletons
  2 quokka zombies
  15 rats
  A fungus (Lair:6)
  A plant (Lair:6)
1000 creatures vanquished.

Vanquished Creatures (others)
  An orc wizard (Orc:1)
  25 fungi
  18 plants
44 creatures vanquished.

Grand Total: 1044 creatures vanquished

Notes
Turn   | Place    | Note
-------+----------+-------------------------------------------
     0 | D:1      | unrecovered the Draconian Monk began the quest for the Orb.
     0 | D:1      | Reached XP level 1. HP: 19/19 MP: 1/1
   279 | D:1      | Reached XP level 2. HP: 24/26 MP: 2/2
   896 | D:2      | Reached XP level 3. HP: 25/33 MP: 3/3
   989 | D:2      | Reached skill level 4 in Unarmed Combat
  1333 | D:2      | Reached XP level 4. HP: 31/40 MP: 4/4
  2332 | D:3      | Reached XP level 5. HP: 42/47 MP: 5/5
  2349 | D:3      | Reached skill level 5 in Unarmed Combat
  3169 | D:4      | Reached skill level 5 in Fighting
  3169 | D:4      | Reached XP level 6. HP: 41/56 MP: 6/6
  3272 | D:4      | Reached skill level 6 in Unarmed Combat
  3777 | D:4      | Found a staircase to the Ecumenical Temple.
  3786 | Temple   | Entered the Ecumenical Temple
  4066 | Temple   | Became a worshipper of Elyvilon the Healer
  4066 | Temple   | Reached * piety under Elyvilon
  4066 | Temple   | Reached ** piety under Elyvilon
  4118 | D:4      | Noticed Fallorn's ghost (amateur DsCK)
  4451 | D:4      | Noticed Blork the orc
  4463 | D:4      | Killed Blork the orc
  4643 | D:5      | Entered Level 5 of the Dungeon
  4686 | D:5      | Your scales start taking on an icy white colour.
  4686 | D:5      | Reached XP level 7. HP: 61/61 MP: 7/7
  4686 | D:5      | Gained mutation: Your flesh is cold resistant. (rC+) [White Draconian growth]
  4776 | D:5      | Reached skill level 7 in Unarmed Combat
  5298 | D:5      | Noticed cheese's ghost (novice DgNe)
  5337 | D:5      | HP: 3/62 [cheese's ghost (7)]
  6328 | D:5      | Reached *** piety under Elyvilon
  6749 | D:6      | Reached XP level 8. HP: 15/70 MP: 8/8
  7086 | D:6      | Reached skill level 8 in Unarmed Combat
  7459 | D:4      | Killed Fallorn's ghost
  8265 | D:6      | Reached skill level 9 in Unarmed Combat
  8948 | D:6      | Reached XP level 9. HP: 51/79 MP: 9/9
  9202 | D:7      | Found Ciluv's Antique Armour Shoppe.
  9211 | D:7      | Reached skill level 5 in Dodging
  9383 | D:7      | Reached **** piety under Elyvilon
  9746 | D:8      | Reached skill level 10 in Unarmed Combat
  9923 | D:8      | Learned a level 1 spell: Apportation
 10224 | D:9      | Reached ***** piety under Elyvilon
 10442 | D:7      | Bought a pair of embroidered gloves for 378 gold pieces
 11080 | D:9      | Found a staircase to the Orcish Mines.
 11171 | D:9      | Reached skill level 11 in Unarmed Combat
 11239 | D:9      | Reached XP level 10. HP: 65/90 MP: 10/10
 11436 | D:9      | Noticed a two-headed hydra
 11447 | D:9      | Killed a two-headed hydra
 11721 | D:10     | Entered Level 10 of the Dungeon
 11843 | D:10     | Found Ryosior's Jewellery Boutique.
 12121 | D:10     | Reached skill level 12 in Unarmed Combat
 12149 | D:10     | Reached skill level 1 in Invocations
 12232 | D:10     | Killed an unseen horror
 12830 | D:10     | Noticed a vault guard
 12847 | D:10     | Killed a vault guard
 12847 | D:10     | Reached XP level 11. HP: 78/99 MP: 13/13
 12928 | D:10     | Found a portal to a secret trove of treasure.
 12959 | D:10     | Noticed a hill giant
 13020 | D:10     | Killed a hill giant
 13188 | D:10     | Reached skill level 10 in Fighting
 13745 | D:10     | Learned a level 1 spell: Summon Butterflies
 13833 | D:10     | Found a staircase to the Lair.
 14161 | Lair:1   | Entered Level 1 of the Lair of Beasts
 15185 | Lair:2   | Reached skill level 5 in Invocations
 16084 | Lair:2   | Noticed a four-headed hydra
 16120 | Lair:2   | Pacified a four-headed hydra
 16129 | Lair:2   | Noticed Urug
 16520 | Lair:2   | Reached skill level 13 in Unarmed Combat
 17063 | Orc:1    | Entered Level 1 of the Orcish Mines
 17063 | Orc:1    | Found a bloodstained altar of Trog.
 17065 | Orc:1    | Noticed an orc warlord
 17278 | D:11     | Noticed Grum
 17289 | D:11     | Killed Grum
 17413 | D:11     | Reached XP level 12. HP: 71/108 MP: 17/17
 17811 | D:11     | Got a jewelled quarterstaff
 17812 | D:11     | Identified the +4 quarterstaff "Iren" {pain, Str+3} (You found it on level 11 of the Dungeon)
 18821 | Lair:3   | Found a runed door.
 19252 | Lair:3   | Killed Urug
 19278 | Lair:3   | Found a dark tunnel.
 19288 | Volcano  | Entered a volcano
 19577 | Volcano  | Noticed an ogre mage
 19599 | Volcano  | Killed an ogre mage
 19633 | Volcano  | Noticed puissantveil's ghost (journeyman MiBe)
 20791 | Lair:3   | Noticed a five-headed hydra
 20805 | Lair:3   | Pacified a five-headed hydra
 20903 | Lair:4   | Reached skill level 10 in Invocations
 20973 | Lair:4   | Reached XP level 13. HP: 54/117 MP: 2/20
 21261 | Lair:4   | Found a staircase to the Shoals.
 21573 | Lair:4   | Found a hole to the Spider Nest.
 21857 | Lair:4   | Got a heavily runed cloak
 21863 | Lair:4   | Identified the +2 cloak of the Ancient Demons {*Corrode +Fly Dex+5 Stlth+} (You found it on level 4 of the Lair of Beasts)
 22169 | Lair:4   | Reached skill level 10 in Dodging
 22650 | Lair:5   | Reached skill level 14 in Unarmed Combat
 23209 | Lair:5   | Found a staircase to the Slime Pits.
 24444 | Lair:6   | Entered Level 6 of the Lair of Beasts
 25317 | Lair:6   | Learned a level 5 spell: Alistair's Intoxication
 25393 | Lair:6   | Reached XP level 14. HP: 127/127 MP: 23/23
 25572 | Lair:6   | Reached skill level 1 in Transmutations
 28163 | Lair:6   | Got a faintly glowing war axe
 28168 | Lair:6   | Identified the +12 war axe "Xiverut" {holy, +Rage Str+3} (You found it on level 6 of the Lair of Beasts)
 28875 | Lair:2   | Reached skill level 15 in Unarmed Combat
 29031 | D:10     | Bought the ring "Inlox" {+Blink rElec rPois Stlth+} for 657 gold pieces
 29283 | D:5      | Killed cheese's ghost
 29517 | Orc:1    | Reached skill level 1 in Crossbows
 29811 | D:9      | Killed an orc warlord
 29823 | Orc:1    | Paralysed by an orc sorcerer for 5 turns
 30173 | Orc:1    | Noticed an orc warlord
 30302 | Orc:1    | Found a roughly hewn altar of Beogh.
 30375 | D:9      | Killed an orc warlord
 30673 | Orc:1    | Paralysed by an orc sorcerer for 2 turns
 30691 | Orc:1    | Reached skill level 5 in Crossbows
 31647 | D:9      | Paralysed by an orc sorcerer for 3 turns
 32188 | Orc:2    | Entered Level 2 of the Orcish Mines
 32724 | Orc:2    | Noticed a stone giant
 32735 | Orc:2    | Killed a stone giant
 33601 | Orc:1    | Elyvilon protects you from harm!
 34022 | D:9      | Reached XP level 15. HP: 45/136 MP: 24/24
 36155 | Orc:2    | Found Opuwygo's Jewellery Shop.
 36274 | Orc:2    | Found a staircase to the Elven Halls.
 36463 | Orc:2    | Found Pajeup's Jewellery Boutique.
 36464 | Orc:2    | Found Opuwygo's Distillery.
 36464 | Orc:2    | Found Ymips's Jewellery Boutique.
 36465 | Orc:2    | Found Zacag's Antique Weapon Boutique.
 36492 | Orc:2    | Bought a potion of flight for 36 gold pieces
 36492 | Orc:2    | Bought a potion of cancellation for 96 gold pieces
 36492 | Orc:2    | Bought a potion of mutation for 30 gold pieces
 36503 | Orc:2    | Bought a glowing hand crossbow for 209 gold pieces
 36796 | D:12     | Noticed Gastronok
 36899 | D:12     | Killed Gastronok
 37226 | D:12     | Noticed Snorg
 37247 | D:12     | Killed Snorg
 37398 | D:12     | Reached skill level 10 in Crossbows
 39844 | Spider:1 | Entered Level 1 of the Spider Nest
 40289 | Shoals:1 | Entered Level 1 of the Shoals
 41567 | Shoals:1 | Reached XP level 16. HP: 67/147 MP: 25/25
 43977 | Shoals:3 | Noticed Polyphemus
 44376 | Shoals:2 | Killed Polyphemus
 45378 | Shoals:3 | Reached skill level 15 in Fighting
 46159 | Shoals:3 | Reached skill level 16 in Unarmed Combat
 46306 | Shoals:4 | Entered Level 4 of the Shoals
 46329 | Shoals:4 | Noticed Ilsuiw
 47198 | Shoals:4 | Killed Ilsuiw
 47429 | Shoals:4 | Noticed timidly's ghost (adept HuBe)
 47444 | Shoals:4 | HP: 6/149 [timidly's ghost (30)]
 47444 | Shoals:4 | Elyvilon protects you from harm!
 47446 | Shoals:4 | Elyvilon protects you from harm!
 47770 | Shoals:4 | Noticed Roxanne
 47815 | Shoals:4 | Noticed Kirke
 47832 | Shoals:4 | Noticed a kraken
 47954 | Shoals:4 | HP: 3/149 [alligator snapping turtle (26)]
 47986 | Shoals:4 | Killed from afar by a merfolk aquamancer

Skill      XL: |  1  2  3  4  5  6  7  8  9 10 11 12 13 14 15 16 |
---------------+-------------------------------------------------+-----
Fighting       | 4 5 6 7 8 9 10 11 12 13 14 15 | 15.3
Unarmed Combat | 4 5 6 7 9 11 12 13 14 15 16 | 16.2
Dodging        | 3 4 6 7 8 9 10 11 12 | 12.6
Invocations    | 3 7 10 12 | 12.5
Transmutations | 3 |  3.8
Crossbows      | 7 10 11 | 11.6
Stealth        | |  1.7

Action                   |  1- 3 |  4- 6 |  7- 9 | 10-12 | 13-15 | 16-18 || total
-------------------------+-------+-------+-------+-------+-------+-------++-------
Melee: Unarmed           |   135 |   261 |   601 |   977 |  2223 |   649 ||  4846
       Tailslap          |    10 |    35 |    73 |   181 |   576 |   154 ||  1029
       Punch             |     1 |     6 |    23 |    61 |   273 |    84 ||   448
 Fire: Arbalest          |       |       |       |       |    68 |     2 ||    70
       Hand crossbow     |       |       |       |       |    69 |    66 ||   135
Throw: Throwing net      |       |       |       |       |     2 |     5 ||     7
Invok: Lesser Healing    |       |       |    16 |       |    20 |     5 ||    41
       Heal Other        |       |       |     2 |     6 |     3 |       ||    11
       Greater Healing   |       |       |       |    13 |    24 |    14 ||    51
       Purification      |       |       |       |     2 |     2 |       ||     4
       Divine Vigour     |       |       |       |     1 |       |       ||     1
       Divine Protection |       |       |       |       |       |     1 ||     1
 Abil: Breathe Frost     |       |       |    42 |    20 |    26 |     5 ||    93
       Evoke Flight      |       |       |     1 |       |       |     1 ||     2
       Evoke Blink       |       |       |       |       |       |     1 ||     1
Evoke: Wand              |       |       |       |     2 |     8 |     3 ||    13
  Use: Scroll            |       |    10 |     8 |    10 |    12 |    13 ||    53
       Potion            |       |     2 |     2 |     6 |     7 |     2 ||    19
 Stab: Sleeping          |     2 |     5 |     2 |     6 |    17 |     3 ||    35
       Distracted        |       |       |     1 |     2 |     9 |       ||    12
       Held in net/web   |       |       |       |       |       |     4 ||     4
  Eat: Chunk             |     1 |    10 |    20 |    19 |    55 |    16 ||   121
       Bread ration      |       |     1 |     1 |     2 |       |       ||     4
       Meat ration       |       |       |     1 |     1 |     1 |     1 ||     4
       Royal jelly       |       |       |       |     5 |    11 |       ||    16
       Beef jerky        |       |       |       |     1 |     1 |       ||     2
       Pizza             |       |       |       |       |     2 |     5 ||     7
       Fruit             |       |       |       |       |       |     5 ||     5
Armor: Skin              |    43 |    69 |   132 |   204 |   542 |   186 ||  1176
Dodge: Dodged            |    99 |   160 |   361 |   790 |  2352 |  1047 ||  4809
